 Dungeon Crawl Stone Soup version 0.17.0-24-gcfadda4 (webtiles) character file.

94432 Sar the Markscentaur (level 15, -4/135 HPs)
             Began as a Centaur Wizard on Nov 15, 2015.
             Was the Champion of Okawaru.
             Slain by an entropy weaver (12 damage)
             ... on level 1 of the Spider Nest.
             The game lasted 02:00:55 (50404 turns).

Sar the Markscentaur (Centaur Wizard)              Turns: 50404, Time: 02:00:55

Health: -4/135     AC:  3    Str: 10    XL:     15   Next: 63%
Magic:  21/21      EV:  8    Int: 20    God:    Okawaru [******]
Gold:   962        SH:  0    Dex: 17    Spells: 6 memorised, 9 levels left

rFire  + + .     SeeInvis +     a - +8 bow of Krishna "Sharnga" {speed, Dex+3 SInv}
rCold  + . .     Clarity  .     H - +2 robe {rF+}
rNeg   . . .     SustAt   .     (shield currently unavailable)
rPois  +         Gourm    .     z - +0 helmet
rElec  .         Spirit   .     q - +1 cloak
rCorr  .         Warding  .     e - +0 pair of gloves {archery}
rMut   .         Stasis   .     h - +2 centaur barding {Fly}
MR     +....                    P - amulet of faith {!P}
Stlth  ++........               j - ring of poison resistance
                                d - ring "Wakka" {rF+ rC+ Int+3}

@: lethally poisoned (-4 -> -5), corroded equipment, flying, very quick,
somewhat resistant to hostile enchantments, unstealthy
A: hooves 3, deformed body, speed 2, tough skin 3
a: Heroism, Finesse, Renounce Religion, Stop Flying


You were on level 1 of the Spider Nest.
You worshipped Okawaru.
Okawaru was exalted by your worship.
You were not hungry.

You visited 5 branches of the dungeon, and saw 29 of its levels.
You also visited: Ossuary.

You collected 3384 gold pieces.
You spent 2422 gold pieces at shops.


Innate Abilities, Weirdness & Mutations

You have hooves in place of feet.
Armour fits poorly on your strangely shaped body.
You cover ground very quickly.
You have extremely tough skin (AC +3).


   Skills:
 - Level 13.0 Fighting
 - Level 10.0 Long Blades
 + Level 18.4 Bows
 - Level 8.0 Armour
 - Level 7.7 Dodging
 - Level 1.2 Stealth
 - Level 4.3 Spellcasting
 - Level 2.0 Conjurations
 - Level 2.2 Summonings
 - Level 2.6 Translocations
 - Level 4.5 Fire Magic
 - Level 1.3 Air Magic
 - Level 1.0 Poison Magic
 - Level 5.0 Invocations


You had 9 spell levels left.
You knew the following spells:

 Your Spells              Type           Power        Failure   Level  Hunger
c - Mephitic Cloud        Conj/Pois/Air  ##......     21%         3    ###....
d - Repel Missiles        Chrm/Air       #.....       17%         2    #......
x - Call Imp              Summ           ##......     10%         2    #......
z - Magic Dart            Conj           ##..         6%          1    None
B - Blink                 Tloc           N/A          10%         2    #......
Z - Conjure Flame         Conj/Fire      ###.....     12%         3    ###....

Inventory:

Hand Weapons
 a - the +8 bow of Krishna "Sharnga" (weapon) {speed, Dex+3 SInv}
   (Okawaru gifted it to you on level 14 of the Dungeon)

   Attacks with this weapon are significantly faster.
   It affects your dexterity (+3).
   It lets you see invisible.
 b - a +3 double sword of electrocution
Missiles
 s - 3 throwing nets {=f}
 C - 117 arrows (quivered)
 G - 10 arrows of dispersal {=f}
 I - 8 curare-tipped needles {=f}
Armour
 e - a +0 pair of gloves of archery (worn)
 h - a +2 centaur barding of flying (worn)
 q - a +1 cloak (worn)
 z - a +0 helmet (worn)
 H - a +2 robe of fire resistance (worn)
Jewellery
 d - the ring "Wakka" (left hand) {rF+ rC+ Int+3}
   (You found it on level 1 of the Lair of Beasts)

   [ring of protection from cold]

   It affects your intelligence (+3).
   It protects you from fire.
   It protects you from cold.
 j - a ring of poison resistance (right hand)
 L - the ring of Wiseonty {rF- MR+ Int+7 Stlth-}
   (You bought it in a shop on level 4 of the Orcish Mines)

   [ring of protection from magic]

   It affects your intelligence (+7).
   It makes you vulnerable to fire.
   It affects your resistance to hostile enchantments.
   It makes you less stealthy.
 N - a ring of positive energy
 P - an amulet of faith (around neck) {!P}
Wands
 c - a wand of hasting (5) {!d@v3}
 A - a wand of disintegration (10)
 E - a wand of digging (4)
Scrolls
 k - a scroll of summoning
 l - 3 scrolls of teleportation {@r4}
 m - 7 scrolls of magic mapping
 n - 4 scrolls of fog
 o - 4 scrolls of remove curse
 x - 3 scrolls of fear
 y - 2 scrolls of silence {!r}
 B - 2 scrolls of identify {@r1}
 F - a scroll of immolation {!r}
 K - a scroll of holy word
Potions
 g - 5 potions of agility
 i - 14 potions of curing {@q1}
 p - a potion of resistance {unknown}
 r - 2 potions of heal wounds {@q2}
 u - 4 potions of cancellation
 v - a potion of berserk rage {!q}
 w - 2 potions of magic
 D - a potion of haste {@q3}
 M - 4 potions of might
 O - 2 potions of cure mutation
 Q - 2 potions of lignification {!q}
 S - 5 potions of brilliance
Books
 J - a book of the Sky
Comestibles
 f - 7 bread rations
 R - 9 meat rations

Dungeon Overview and Level Annotations

Branches:
Dungeon (15/15)            Temple (1/1) D:4            Lair (8/8) D:8
 Shoals (0/4) Lair:6       Spider (1/4) Lair:6        Slime (0/6) Lair:6
    Orc (4/4) D:9             Elf (0/3) Orc:3        Vaults (0/5) D:14
 Depths (0/5) D:15

Altars:
Ashenzari
Cheibriados
Dithmenos
Elyvilon
Fedhas
Gozag
Kikubaaqudgha
Makhleb
Nemelex Xobeh
Okawaru
Qazlal
Ru
Sif Muna
Trog
Vehumet
Xom
Yredelemnul
Zin
The Shining One
Beogh

Shops:
D:6 ?   D:10 =   Orc:4 =(=*

Annotations:
D:6 exclusion: downstairs

#..#.. ..
#...( .
#.... .
#...#(# #
#..(#(#.#.
#.(.(.....
#..ps.....
#.c#
#.(....#
#.#......#
#. ...#...
#. ...# ..
#. .... #.
.#... ##
...[..


You could see an entropy weaver and a redback.


Message History

The entropy weaver is almost dead!
You feel sick! The entropy weaver hits you!!!
The entropy weaver closely misses you! The entropy weaver hits you!!!
The entropy weaver hits you!!!
A redback comes into view!
Firing (i - inventory! (,) - cycle):
C - 119 arrows (quivered)
Aim: an entropy weaver (almost dead, catching its breath)
You shoot an arrow!
The arrow hits the entropy weaver but does no damage!
The entropy weaver is almost dead!
Firing (i - inventory! (,) - cycle):
C - 118 arrows (quivered)
Aim: an entropy weaver (almost dead, catching its breath)
You shoot an arrow! The arrow hits the entropy weaver!
The entropy weaver is almost dead!
The entropy weaver hits you!!! * * * don't die
* * * The entropy weaver hits you!!! * * * don't die
* * * The entropy weaver hits you! * * * don't die
* * * The entropy weaver hits you!!! * * * don't die
* * * You feel sick!
The entropy weaver hits you!!! * * * don't die
* * * The entropy weaver hits you! * * * don't die
* * * The entropy weaver hits you!!! * * * don't die
* * * The entropy weaver hits you!!! rip

Action                   |  1- 3 |  4- 6 |  7- 9 | 10-12 | 13-15 || total
-------------------------+-------+-------+-------+-------+-------++-------
Melee: Whip              |   127 |       |       |       |       ||   127
       Unarmed           |    17 |       |       |       |       ||    17
       Trident           |    43 |   185 |       |       |       ||   228
       War axe           |       |    14 |   206 |   146 |   185 ||   551
       Double sword      |       |       |       |       |  1047 ||  1047
       Scimitar          |       |       |       |       |    10 ||    10
 Fire: Blowgun           |       |    35 |   169 |    31 |       ||   235
       Shortbow          |       |       |    62 |  1147 |   757 ||  1966
       Triple crossbow   |       |       |       |     3 |       ||     3
       Longbow           |       |       |       |       |   275 ||   275
Throw: Stone             |       |       |       |    12 |       ||    12
 Cast: Magic Dart        |    29 |     1 |       |       |       ||    30
       Call Imp          |       |     2 |       |       |       ||     2
       Mephitic Cloud    |       |     4 |     7 |     5 |     7 ||    23
       Conjure Flame     |       |     2 |     5 |     6 |    11 ||    24
       Blink             |       |       |       |     4 |       ||     4
Invok: Heroism           |       |       |     4 |    10 |    12 ||    26
Evoke: Rod               |       |       |       |     2 |       ||     2
       Wand              |       |       |       |       |     1 ||     1
  Use: Scroll            |       |     2 |     7 |    22 |    20 ||    51
       Potion            |       |       |     1 |     7 |     2 ||    10
 Stab: Confused          |       |     1 |     4 |       |     1 ||     6
       Sleeping          |       |       |     1 |       |     4 ||     5
       Distracted        |       |       |       |     1 |     1 ||     2
  Eat: Chunk             |     4 |     8 |     3 |    22 |    52 ||    89
       Pizza             |       |     2 |       |     1 |     1 ||     4
       Bread ration      |       |     1 |     1 |     2 |     1 ||     5
       Meat ration       |       |       |     2 |       |     1 ||     3
       Beef jerky        |       |       |     1 |       |     6 ||     7
       Royal jelly       |       |       |       |     3 |       ||     3

Vault maps used:
D:1:      lightli_arrival_lavapool, corexii_corridor_pit
D:2:      nicolae_tso_swordbearing_angel
D:3:      ecumenical_altar_2, first_bread, minivault_23,
          lexackson_kobold_supper, uniq_jessica, uniq_grinder, uniq_terence
D:4:      minmay_temple_entry_fiery
D:6:      serial_shops, shop, uniq_menkaure, uniq_blork_the_orc
D:7:      enter_ossuary_2, uniq_joseph
D:8:      overflow_temple_1_default, lair_0_dummy
D:9:      hiddenorc2_lemuel
D:10:     serial_shops, nicolae_shop_stone, grunt_ogre_cave
D:11:     st_stairs_8, uniq_erica
D:13:     minmay_lindwurm_lava
D:14:     david_vaults_5, kennysheep_nondescript, fedhas_altar_4
D:15:     grunt_enter_depths_hoard
Temple:   kilobyte_greek_temple_18
Lair:1:   minmay_lair_venomous_thicket, nicolae_quartered_pool_medium,
          nicolae_lair_grove_arrangements, st_stairs_12, serial_bayou_pond_d,
          uniq_nergalle
Lair:2:   wad_woods_river_02, minivault_23
Lair:3:   infiniplex_staircase_pool, uniq_urug
Lair:5:   dpeg_oklob_1, uniq_maud
Lair:6:   elwin_shoals_entry_rooms, spider_nest_entry_rubble,
          minmay_slime_entry_jelly_boxes
Lair:7:   minivault_24, lemuel_fruit_fields, lemuel_fruit_tree
Lair:8:   hangedman_lair_in_review, uniq_josephine
Orc:2:    uniq_sonja
Orc:3:    nicolae_orc_pool_cavern, mines2_david
Orc:4:    st_orc_mages, mines1_david
Ossuary:  minmay_ossuary_two_tombs

Notes
Turn   | Place    | Note
--------------------------------------------------------------
     0 | D:1      | Sar the Centaur Wizard began the quest for the Orb.
     0 | D:1      | Reached XP level 1. HP: 14/14 MP: 3/3
    28 | D:1      | Reached skill level 1 in Conjurations
   439 | D:1      | Reached XP level 2. HP: 20/20 MP: 0/5
   604 | D:1      | Reached skill level 2 in Conjurations
   678 | D:1      | Learned a level 2 spell: Call Imp
   952 | D:1      | You fall through a shaft!
  1552 | D:1      | Reached XP level 3. HP: 14/26 MP: 7/7
  1848 | D:2      | Reached skill level 3 in Spellcasting
  2476 | D:2      | Reached XP level 4. HP: 13/33 MP: 9/9
  2924 | D:2      | Found a glowing golden altar of the Shining One.
  3139 | D:3      | Found a faded altar to an unknown god.
  3386 | D:3      | Noticed Terence
  3411 | D:3      | Killed Terence
  3424 | D:3      | Reached skill level 4 in Spellcasting
  3424 | D:3      | Reached XP level 5. HP: 24/38 MP: 9/11
  3430 | D:3      | Learned a level 3 spell: Mephitic Cloud
  3986 | D:3      | Reached skill level 1 in Air Magic
  3995 | D:3      | Noticed Jessica
  3999 | D:3      | Noticed Grinder
  4027 | D:3      | Killed Jessica
  4027 | D:3      | Reached skill level 1 in Poison Magic
  4204 | D:3      | Reached skill level 1 in Summonings
  4581 | D:4      | Reached skill level 2 in Summonings
  4581 | D:4      | Reached XP level 6. HP: 41/45 MP: 12/12
  4897 | D:4      | Got a dazzling chain mail
  4908 | D:4      | Identified the +8 chain mail "Qeonew Isina" {+Blink} (You found it on level 4 of the Dungeon)
  5075 | D:4      | Found a staircase to the Ecumenical Temple.
  5081 | Temple   | Entered the Ecumenical Temple
  5183 | Temple   | Became a worshipper of Warmaster Okawaru
  5411 | D:4      | Learned a level 3 spell: Conjure Flame
  5438 | D:5      | Entered Level 5 of the Dungeon
  5506 | D:4      | Reached skill level 1 in Fire Magic
  5709 | D:4      | Got a faintly glowing war axe {holy}
  5710 | D:4      | Identified the +8 war axe of Ilotz {holy, +Inv Dex+3} (You took it off an orc on level 4 of the Dungeon)
  6252 | D:4      | Reached skill level 2 in Fire Magic
  6796 | D:5      | Reached skill level 3 in Fire Magic
  6796 | D:5      | Reached XP level 7. HP: 37/50 MP: 13/13
  6800 | D:5      | Learned a level 2 spell: Blink
  6803 | D:5      | Learned a level 2 spell: Repel Missiles
  6963 | D:5      | Reached skill level 1 in Translocations
  7385 | D:6      | Found Xasanoklis's Magic Scroll Shoppe.
  7389 | D:6      | Bought a scroll of identify for 28 gold pieces
  7389 | D:6      | Bought a scroll of fear for 49 gold pieces
  7389 | D:6      | Bought a scroll of enchant armour for 105 gold pieces
  7431 | D:6      | Reached skill level 2 in Translocations
  7439 | D:6      | Noticed Rayvis's ghost (novice MiFi)
  7706 | D:6      | Reached * piety under Okawaru
  7706 | D:6      | Reached skill level 2 in Fighting
  7748 | D:6      | Noticed Blork the orc
  7761 | D:6      | Killed Blork the orc
  7768 | D:6      | Reached skill level 3 in Fighting
  7801 | D:6      | Reached skill level 4 in Fighting
  7801 | D:6      | Reached XP level 8. HP: 15/66 MP: 14/14
  8415 | D:3      | Killed Grinder
  8415 | D:3      | Reached ** piety under Okawaru
  8415 | D:3      | Reached skill level 2 in Bows
  8415 | D:3      | Reached skill level 4 in Fire Magic
  8485 | D:4      | Reached skill level 3 in Bows
  8667 | D:6      | Reached skill level 4 in Bows
  8747 | D:6      | Reached skill level 5 in Bows
  8802 | D:6      | Noticed Menkaure
  8812 | D:6      | Killed Menkaure
  8812 | D:6      | Reached skill level 6 in Bows
  8854 | D:6      | Killed Rayvis's ghost
  8854 | D:6      | Reached skill level 8 in Bows
  8905 | D:6      | Reached XP level 9. HP: 35/72 MP: 15/15
  9015 | D:6      | Identified a +0 lightning rod (9/9) {!a} (You found it on level 6 of the Dungeon)
  9433 | D:6      | Reached *** piety under Okawaru
  9482 | D:7      | Found a sand-covered staircase.
  9490 | Ossuary  | Entered an ossuary
  9526 | Ossuary  | Reached skill level 9 in Bows
  9858 | Ossuary  | Reached skill level 10 in Bows
 10301 | D:7      | Reached skill level 11 in Bows
 10493 | D:7      | Reached **** piety under Okawaru
 10756 | D:7      | Noticed Joseph
 10926 | D:7      | Reached skill level 12 in Bows
 10957 | D:7      | Received a gift from Okawaru
 11411 | D:7      | Killed Joseph
 11657 | D:8      | Found a white marble altar of Elyvilon.
 11729 | D:7      | Reached skill level 13 in Bows
 12290 | D:8      | Reached XP level 10. HP: 72/80 MP: 16/16
 12489 | D:8      | Reached skill level 2 in Dodging
 12908 | D:8      | Found a staircase to the Lair.
 12939 | D:8      | Reached skill level 5 in Fighting
 13107 | D:8      | Got a pitted rapier
 13117 | D:8      | Identified the +6 rapier "Kidgh" {drain, rElec} (You found it on level 8 of the Dungeon)
 13669 | Lair:1   | Entered Level 1 of the Lair of Beasts
 13681 | Lair:1   | Received a gift from Okawaru
 13732 | D:8      | Reached skill level 3 in Dodging
 13913 | D:8      | Reached skill level 6 in Fighting
 14090 | Lair:1   | Reached ***** piety under Okawaru
 14254 | Lair:1   | Reached skill level 4 in Dodging
 14337 | Lair:1   | Reached skill level 2 in Invocations
 14419 | Lair:1   | Noticed a wolf spider
 14454 | Lair:1   | Killed a wolf spider
 14454 | Lair:1   | Reached skill level 4 in Invocations
 14515 | Lair:1   | Reached skill level 5 in Invocations
 14738 | Lair:1   | Received a gift from Okawaru
 14738 | Lair:1   | Reached skill level 7 in Fighting
 14837 | Lair:1   | Got a sapphire battleaxe {god gift}
 14838 | Lair:1   | Identified the +0 battleaxe of Dividends {holy, *Drain +Inv rC+ Int+4} (Okawaru gifted it to you on level 1 of the Lair of Beasts)
 14883 | Lair:1   | Reached XP level 11. HP: 78/92 MP: 17/17
 14921 | Lair:1   | Reached skill level 8 in Fighting
 15264 | Lair:1   | HP: 9/95 [blink frog (18)]
 15633 | Lair:1   | Reached skill level 9 in Fighting
 16225 | Lair:1   | Got a steaming granite ring
 16253 | Lair:1   | Identified the ring "Wakka" {rF+ rC+ Int+3} (You found it on level 1 of the Lair of Beasts)
 16394 | Lair:1   | Noticed Nergalle
 16418 | Lair:1   | Killed Nergalle
 16418 | Lair:1   | Received a gift from Okawaru
 16418 | Lair:1   | Reached skill level 10 in Fighting
 16419 | Lair:1   | Got a pair of brightly glowing gloves {god gift}
 16430 | Lair:1   | Identified the -5 pair of gloves of the Manifold Hells {rPois rF- MP-9 Stlth+} (Okawaru gifted it to you on level 1 of the Lair of Beasts)
 18823 | Lair:3   | Noticed Urug
 18841 | Lair:3   | Killed Urug
 18841 | Lair:3   | Reached skill level 11 in Fighting
 18841 | Lair:3   | Reached skill level 5 in Dodging
 18901 | Lair:3   | Noticed an eight-headed hydra
 18921 | Lair:3   | Killed an eight-headed hydra
 18921 | Lair:3   | Reached XP level 12. HP: 79/110 MP: 18/18
 19047 | Lair:3   | Reached skill level 14 in Bows
 19117 | Lair:3   | Reached ****** piety under Okawaru
 19189 | Lair:3   | Received a gift from Okawaru
 19531 | Lair:3   | Received a gift from Okawaru
 20374 | Lair:4   | Reached skill level 6 in Dodging
 20394 | Lair:4   | Identified Gijitis's Almanac of the Damaging Birds
 21594 | Lair:5   | Reached skill level 12 in Fighting
 21669 | Lair:5   | Reached skill level 15 in Bows
 23413 | Lair:5   | Noticed a four-headed hydra
 24384 | Lair:5   | Received a gift from Okawaru
 25907 | Lair:5   | Noticed a six-headed hydra
 25995 | Lair:5   | Reached skill level 7 in Dodging
 26138 | Lair:5   | Reached XP level 13. HP: 119/119 MP: 19/19
 26177 | Lair:5   | Noticed Maud
 26272 | Lair:5   | Killed Maud
 26300 | Lair:5   | Killed a six-headed hydra
 26769 | Lair:6   | Received a gift from Okawaru
 26900 | Lair:6   | Reached skill level 1 in Armour
 26982 | Lair:6   | Reached skill level 2 in Armour
 27139 | Lair:6   | Reached skill level 3 in Armour
 27211 | Lair:6   | Found a staircase to the Slime Pits.
 27489 | Lair:6   | Found a hole to the Spider Nest.
 27693 | Lair:6   | Reached skill level 4 in Armour
 27839 | Lair:6   | Found a staircase to the Shoals.
 28885 | Lair:7   | Reached skill level 5 in Armour
 28904 | Lair:7   | HP: 11/119 [poisoned by a spiny frog]
 28909 | Lair:7   | HP: 6/119 [poisoned by a spiny frog]
 29441 | Lair:8   | Entered Level 8 of the Lair of Beasts
 30130 | Lair:7   | Reached skill level 6 in Armour
 30394 | Lair:8   | Received a gift from Okawaru
 30437 | Lair:8   | Identified a +2 robe of the Archmagi (Okawaru gifted it to you on level 8 of the Lair of Beasts)
 31020 | Lair:8   | Killed a four-headed hydra
 31020 | Lair:8   | Reached skill level 7 in Armour
 31701 | Lair:8   | Noticed Josephine
 31712 | Lair:8   | Killed Josephine
 31738 | Lair:8   | Reached XP level 14. HP: 116/127 MP: 16/20
 31777 | Lair:8   | Reached skill level 8 in Armour
 32694 | Lair:8   | Received a gift from Okawaru
 33127 | Lair:8   | Reached skill level 16 in Bows
 34333 | Lair:8   | Reached skill level 13 in Fighting
 34963 | D:9      | Noticed puimuR's ghost (novice DsGl)
 34976 | D:9      | Killed puimuR's ghost
 34976 | D:9      | Reached skill level 1 in Long Blades
 35355 | D:9      | Found a staircase to the Orcish Mines.
 35732 | Orc:1    | Entered Level 1 of the Orcish Mines
 35741 | Orc:1    | Reached skill level 2 in Long Blades
 36195 | Orc:2    | Noticed Sonja
 37049 | Orc:3    | Found a roughly hewn altar of Beogh.
 37061 | Orc:3    | Found a staircase to the Elven Halls.
 37103 | Orc:3    | Reached skill level 3 in Long Blades
 37541 | Orc:2    | Killed Sonja
 38257 | Orc:4    | Entered Level 4 of the Orcish Mines
 38713 | Orc:4    | Found a roughly hewn altar of Beogh.
 38905 | Orc:4    | Reached skill level 4 in Long Blades
 39856 | Orc:4    | Paralysed by an orc sorcerer for 5 turns
 39866 | Orc:4    | Reached skill level 5 in Long Blades
 40530 | Orc:4    | Found Ogeikhlu's Jewellery Boutique.
 40530 | Orc:4    | Found Ruel's Jewellery Shop.
 40545 | Orc:4    | Found Lonuq's Antique Weapon Shop.
 40547 | Orc:4    | Found Zadamn's Assorted Antiques.
 40615 | Orc:4    | Bought a brightly glowing morningstar for 252 gold pieces
 40615 | Orc:4    | Identified the +4 morningstar of Trog's Envy {holy, rF++ MR-} (You bought it in a shop on level 4 of the Orcish Mines)
 40621 | Orc:4    | Bought the ring of Wiseonty {rF- MR+ Int+7 Stlth-} for 574 gold pieces
 40752 | D:10     | Entered Level 10 of the Dungeon
 40756 | D:10     | Received a gift from Okawaru
 40987 | D:10     | Found Riurazxe's Jewellery Boutique.
 40995 | D:10     | Bought a ring of protection from magic for 400 gold pieces
 41021 | D:10     | Reached skill level 6 in Long Blades
 41844 | D:11     | Noticed Erica
 42876 | D:11     | Killed Erica
 42876 | D:11     | Reached skill level 7 in Long Blades
 43994 | D:12     | Reached skill level 8 in Long Blades
 44258 | D:12     | Got an aquamarine-encrusted chain mail
 44269 | D:12     | Identified the +0 chain mail of Pangudux {MR- MP+9 Dex+2} (You found it on level 12 of the Dungeon)
 45049 | D:13     | Reached XP level 15. HP: 95/135 MP: 21/21
 45063 | D:13     | Reached skill level 9 in Long Blades
 45366 | D:13     | Received a gift from Okawaru
 45888 | D:13     | Identified a +2 fire dragon armour (You found it on level 13 of the Dungeon)
 46754 | D:13     | Reached skill level 10 in Long Blades
 47338 | D:6      | Bought a scroll of enchant weapon for 105 gold pieces
 47338 | D:6      | Bought a scroll of enchant weapon for 105 gold pieces
 47338 | D:6      | Bought a scroll of summoning for 133 gold pieces
 47338 | D:6      | Bought a scroll of magic mapping for 49 gold pieces
 47338 | D:6      | Bought a scroll of teleportation for 42 gold pieces
 47338 | D:6      | Bought a scroll of brand weapon for 280 gold pieces
 47752 | D:14     | Identified a scroll of acquirement
 47756 | D:14     | Identified a wand of hasting (You acquired it on level 14 of the Dungeon)
 48082 | D:14     | Found a gate to the Vaults.
 48171 | D:14     | Reached skill level 17 in Bows
 48281 | D:14     | Found a blossoming altar of Fedhas.
 48454 | D:14     | Received a gift from Okawaru
 48493 | D:15     | Entered Level 15 of the Dungeon
 48804 | D:15     | Reached skill level 18 in Bows
 49251 | D:15     | Found a staircase to the Depths.
 49677 | Lair:2   | Upgraded the game from 0.17.0-23-g0de4337 to 0.17.0-24-gcfadda4
 49990 | Orc:4    | Bought a ring of poison resistance for 300 gold pieces
 50378 | Spider:1 | Entered Level 1 of the Spider Nest
 50404 | Spider:1 | HP: 8/135 [entropy weaver (8)]
 50404 | Spider:1 | Slain by an entropy weaver

Vanquished Creatures
  Maud (Lair:5)
  A vault guard (D:14)
  Josephine (Lair:8)
  11 hydras
  2 ice dragons (D:15)
  3 centaur warriors (D:13)
  An ogre mage (D:15)
  3 catoblepae
  Erica (D:11)
  2 tengu warriors
  An orc high priest (Orc:4)
  Urug (Lair:3)
  Sonja (Orc:2)
  Nergalle (Lair:1)
  The ghost of puimuR the Cleaver, a novice DsGl of Makhleb (D:9)
  3 hill giants
  2 unseen horrors
  4 lindwurms (D:13)
  5 oklob plants (Lair:5)
  A hornet (Spider:1)
  2 wolf spiders
  4 orc sorcerers (Orc:4)
  9 ugly things
  3 manticores
  4 cyclopes
  5 griffons
  9 elephants (Lair:8)
  The ghost of Rayvis the Cleaver, a novice MiFi of the Shining One (D:6)
  Joseph (D:7)
  5 black mambas
  13 spiny frogs
  2 torpor snails
  2 gargoyles
  2 kobold demonologists (D:14)
  16 komodo dragons
  3 two-headed ogres
  A fire drake (Lair:8)
  2 tengu conjurers
  Grinder (D:3)
  36 blink frogs
  3 trolls
  9 slime creatures
  2 redbacks (Spider:1)
  A shadow (D:15)
  5 wyverns
  6 wraiths
  44 yaks
  4 basilisks
  13 hippogriffs
  A mottled dragon (D:15)
  Menkaure (D:6)
  4 hungry ghosts
  10 wolves
  10 water moccasins
  2 soldier ants
  A warg (Orc:2)
  20 orc warriors
  13 porcupines
  2 ice beasts
  A wasp (Lair:1)
  A black bear (D:8)
  22 ogres
  6 centaurs
  3 sky beasts
  2 phantoms
  2 eyes of draining
  16 crocodiles
  An elf zombie (Ossuary)
  Blork the orc (D:6)
  A brain worm (Lair:8)
  3 big kobolds
  16 giant frogs
  A wyvern zombie (D:15)
  3 scorpions
  2 wyvern skeletons
  12 killer bees
  2 electric eels
  2 quasits
  2 giant frog zombies
  4 centaur zombies
  3 crimson imps
  16 jellies
  6 centaur skeletons
  7 wights
  4 human zombies (Ossuary)
  41 orc priests
  10 worker ants
  4 hounds
  Jessica (D:3)
  4 giant frog skeletons
  Terence (D:3)
  6 iguanas
  51 orc wizards
  4 sheep (Lair:6)
  A big kobold zombie (Ossuary)
  A hound skeleton (D:3)
  4 hound zombies
  3 mummies (Ossuary)
  A worker ant zombie (D:10)
  11 gnolls
  13 river rats
  21 adders
  2 shadow imps
  2 oozes
  2 adder zombies (Ossuary)
  4 adder skeletons
  8 worms
  4 giant geckos
  195 orcs
  5 ball pythons
  9 goblins
  7 hobgoblins
  10 jackals
  5 quokkas
  9 bats
  6 giant cockroaches
  3 giant gecko zombies
  11 giant newts
  5 goblin zombies (Ossuary)
  A hobgoblin zombie (Ossuary)
  A jackal skeleton (D:8)
  3 jackal zombies
  20 kobolds
  3 kobold zombies (Ossuary)
  3 orc zombies (Ossuary)
  2 quokka skeletons
  5 quokka zombies
  2 rats
  5 rat zombies (Ossuary)
  8 fungi
  10 plants
984 creatures vanquished.

Vanquished Creatures (collateral kills)
  2 adders (D:3)
2 creatures vanquished.

Vanquished Creatures (others)
  An unseen horror (D:14)
  A shadow imp (D:14)
  33 fungi
  19 plants
54 creatures vanquished.

Grand Total: 1040 creatures vanquished
